 Dungeon Crawl Stone Soup version 0.31-a0-965-g8a8ce12e04 (webtiles) character file.

Game seed: 11024393347408068754

172 Maratek the Trooper (level 5, -8/42 HPs)
             Began as a Demonspawn Fighter on Oct 26, 2023.
             Killed by divine providence
             ... invoked by an orc priest
              (15 damage)
             ... on level 4 of the Dungeon.
             The game lasted 00:03:07 (2405 turns).

Maratek the Trooper (Demonspawn Fighter)            Turns: 2405, Time: 00:03:07

Health: -8/42      AC: 10    Str: 18    XL:     5   Next: 27%
Magic:  5/5        EV:  9    Int:  9    God:
Gold:   194        SH:  4    Dex: 13    Spells: 4/4 levels left

rFire   . . .        a - +0 trident
rCold   . . .        c - +0 buckler
rNeg    . . .        b - +0 scale mail
rPois   .            (no helmet)
rElec   .            (no cloak)
rCorr   .            (no gloves)
SInv    .            (no boots)
Will    .....        (no amulet) Stlth
                     i - +4 ring of protection
HPRegen 0.27/turn    j - +4 ring of slaying
MPRegen 0.18/turn

%: no passive effects
@: no status effects
A: demonic guardian 2, magic regeneration
a: no special abilities


You were on level 4 of the Dungeon.
You visited 1 branch of the dungeon, and saw 4 of its levels.

You collected 194 gold pieces.

Inventory:

Hand Weapons
 a - a +0 trident (weapon)
Armour
 b - a +0 scale mail (worn)
 c - a +0 buckler (worn)
Jewellery
 i - a +4 ring of protection (left hand)
 j - a +4 ring of slaying (right hand)
Scrolls
 f - a scroll of teleportation
 k - a scroll of enchant armour {unknown}
 m - a scroll of enchant weapon {unknown}
 o - a scroll of summoning {unknown}
Potions
 d - 4 potions of might
 e - a potion of berserk rage {unknown}
 g - a potion of haste {unknown}
 h - a potion of ambrosia {unknown}
 l - a potion of brilliance {unknown}
 n - a potion of mutation {unknown}
 p - a potion of resistance {unknown}


   Skills:
 + Level 3.7 Fighting
 + Level 3.3 Polearms
 + Level 3.5 Armour
 + Level 0.7 Dodging
 + Level 0.4 Stealth
 + Level 3.1 Shields


You had 4 spell levels left.
You didn't know any spells.
Your spell library contained the following spells:

 Spells                   Type           Power      Damage    Failure   Level
 Cigotuvi's Dreadful Rot  Necr/Pois/Air  0%         N/A       94%         2
 Ignite Poison            Fire/Tmut/Pois 0%         N/A       99%         3
 Freezing Cloud           Conj/Ice/Air   0%         6-21      100%        5


Dungeon Overview and Level Annotations

Branches:
Dungeon (4/15)
 Temple: D:4-7

Altars:
Xom

Annotations:
D:3 Sigmund


Innate Abilities, Weirdness & Mutations

A demonic guardian rushes to your aid.
You regenerate magic rapidly.


Message History

The orc wizard hits you but does no damage.
You closely miss the orc wizard.
The orc wizard is moderately wounded.
The orc wizard hits you with a +0 dagger.
The orc wizard hits you but does no damage.
You miss the orc wizard.
The orc wizard is moderately wounded.
The orc wizard hits you but does no damage.
The orc wizard completely misses you.
The orc priest invokes the aid of Beogh against you.
Beogh smites you!
The orc priest calls down the wrath of Beogh upon you.
Beogh smites you!
* * * LOW HITPOINT WARNING * * *
A demonic guardian appears!
The orc wizard barely misses you.
The orc wizard hits you but does no damage.
You swap places.
The orc wizard hits your hellwing with a +0 dagger.
Your hellwing closely misses the orc wizard.
Your hellwing hits the orc wizard. The orc wizard casts a spell at you.
The magic dart hits your hellwing but does no damage.
Your hellwing barely misses the orc wizard.
Your hellwing closely misses the orc wizard.
Something hits your hellwing but does no damage.
Something hits your hellwing but does no damage.
The orc wizard points at you and mumbles some strange words.
Your hellwing resists with almost no effort.
The orc wizard gestures wildly while chanting.
The orc wizard flickers and vanishes!
Deactivating autopickup; reactivate with Ctrl-A.
Something hits your hellwing but does no damage.
The orc wizard points at you and mumbles some strange words.
You resist with some effort.
The orc wizard hits your hellwing but does no damage.
Your hellwing hits the orc wizard!
The orc wizard dies!
The orc priest invokes the aid of Beogh against you.
Beogh smites you!
You die...

#..###......<..##.
#.#...#...##.#.##. ########
#...(..........##. #######.. ...#
####.##...#.#..##.
.....##.####.######.##........##.
...#.##.##)[4....#........#......
##.........#.###.##.##.#.###.####
.###.##.####.# #o#####.#..#..#
.....##......# #@# #.......#
...#############.#########...#
##.# #.......# #...# ...#
#####.##.##.# #...#
)########.>....#†##.# #...# .#
#.....###..#.##.######...#### ##
#.....###..#.##..............
#..........#.##.........)....
#................>......÷)..(


You could see an orc priest.

Vanquished Creatures
  4 adders
  3 gnolls
  A worm (D:2)
  4 dart slugs
  4 orcs (D:3)
  5 bats
  4 endoplasms
  2 giant cockroaches
  9 goblins
  A hobgoblin (D:2)
  3 jackals (D:1)
  9 kobolds
  5 quokkas
  5 ball pythons
  2 frilled lizards (D:1)
  7 rats
68 creatures vanquished.

Vanquished Creatures (collateral kills)
  An orc wizard (D:4)
  A worm (D:2)
2 creatures vanquished.

Grand Total: 70 creatures vanquished

Notes
Turn   | Place    | Note
-------+----------+-------------------------------------------
     0 | D:1      | Maratek the Demonspawn Fighter began the quest for the Orb.
     0 | D:1      | Reached XP level 1. HP: 18/18 MP: 1/1
    80 | D:1      | Gained mutation: A weak demonic guardian rushes to your
                  | aid. [demonic ancestry]
    80 | D:1      | Reached XP level 2. HP: 7/24 MP: 2/2
   293 | D:1      | Gained mutation: You regenerate magic rapidly. [demonic
                  | ancestry]
   293 | D:1      | Reached XP level 3. HP: 22/29 MP: 3/3
  1382 | D:2      | Reached XP level 4. HP: 30/35 MP: 4/4
  1616 | D:3      | Found a faded altar of an unknown god.
  1882 | D:3      | Found a shimmering altar of Xom.
  1933 | D:3      | Noticed Sigmund
  2322 | D:4      | Gained mutation: A demonic guardian rushes to your aid.
                  | [demonic ancestry]
  2322 | D:4      | Reached XP level 5. HP: 42/42 MP: 5/5
  2384 | D:4      | HP: 1/42 [orc priest/divine providence (14)]
  2405 | D:4      | Killed from afar by an orc priest

Illustrated notes

Levels and vault maps discovered:
D:1:      dpeg_arrival_rhombus, layout_loops_ring, serial_rivers,
          chequers_serial_rivers_small_3, chequers_serial_rivers_marsh,
          chequers_serial_rivers_room_b, chequers_serial_rivers_small_a,
          chequers_serial_rivers_room_b, chequers_serial_rivers_micro_e
D:2:      layout_basic
D:3:      layout_basic, xom_confusion_cloud, mainiacjoe_overflow_chevrons,
          ebering_ecumenical_altar_sacrificial, minmay_misc_feat_plants,
          uniq_grinder, uniq_sigmund
D:4:      layout_loops_cross, minmay_temple_entry_arrows

Skill      XL: |  1  2  3  4 |
---------------+-------------+-----
Polearms       | 2 3 |  3.3
Shields        | 3 |  3.1
Armour         | 3 |  3.5
Fighting       | |  3.7
Dodging        | |  0.7
Stealth        | |  0.4

Action                     |  1- 3 |  4- 6 || total
---------------------------+-------+-------++-------
  Melee: Trident           |   118 |    85 ||   203
    Use: Scroll            |       |     2 ||     2
   Stab: Distracted        |       |     1 ||     1
 Armour: Scale mail        |    68 |    46 ||   114
  Dodge: Dodged            |    47 |    22 ||    69
  Block: Buckler           |    15 |    17 ||    32

Table legend: (Time is in decaauts)
 A = Elapsed time spent in this place.
 B = Non-inter-level travel time spent in this place.
 C = Inter-level travel time spent in this place.
 D = Time resting spent in this place.
 E = Time spent auto-exploring this place.
 F = Levels seen in this place.
 G = Mean time per level.
                   A        B        C        D        E       F      G
               +--------+--------+--------+--------+--------+-----+--------+
         Total |   2457 |   2386 |     71 |      0 |   1929 |   4 |  614.2 |
       Dungeon |   2457 |   2386 |     71 |      0 |   1929 |   4 |  614.2 |
               +--------+--------+--------+--------+--------+-----+--------+

Top non-repeatable levels by time:
     D:1: 1064 daAuts
     D:2: 566 daAuts
     D:4: 471 daAuts
     D:3: 354 daAuts
